 Dungeon Crawl Stone Soup version 0.17.0-22-g5edae84 (webtiles) character file.

193 inmateoo the Ruffian (level 5, 0/45 HPs)
             Began as a Ghoul Monk on Nov 12, 2015.
             Slain by a sky beast (1 damage)
             ... on level 4 of the Dungeon.
             The game lasted 00:04:10 (2736 turns).

inmateoo the Ruffian (Ghoul Monk)                   Turns: 2736, Time: 00:04:10

Health: 0/45       AC:  5    Str: 15    XL:     5   Next: 72%
Magic:  4/4        EV: 11    Int:  5    God:
Gold:   115        SH:  0    Dex: 12    Spells: 0 memorised, 4 levels left

rFire  . . .     SeeInvis .       - Unarmed
rCold  + . .     Clarity  .     h - +0 ring mail
rNeg   + + +     SustAt   .     (no shield)
rPois  ∞         Gourm    .     (no helmet)
rElec  .         Spirit   .     (no cloak)
rCorr  .         Warding  .     (no gloves)
rMut   .         Stasis   .     (no boots)
MR     .....                    (no amulet)
Stlth  +.........               (no ring)
                                (no ring)

@: rotting, not resistant to hostile enchantments, very unstealthy
A: rotting body, claws 1, carnivore 3, cold resistance 1, negative energy
resistance 3, slow regeneration 1, torment resistance, unbreathing
a: no special abilities


You were on level 4 of the Dungeon.
You were not hungry.

You visited 1 branch of the dungeon, and saw 4 of its levels.

You collected 115 gold pieces.

Inventory:

Armour
 h - a +0 ring mail (worn)
Jewellery
 d - a cursed ring of teleportation {unknown}
Scrolls
 a - 3 scrolls of magic mapping {unknown}
 c - 3 scrolls of teleportation {unknown}
 f - 2 scrolls of remove curse {unknown}
 i - a scroll of amnesia {unknown}
 j - 2 scrolls of identify {unknown}
 k - a scroll of fear {unknown}
 o - a scroll of enchant weapon {unknown}
 q - a scroll of blinking {unknown}
Potions
 e - 3 potions of cancellation {unknown}
 l - a potion of flight {unknown}
 m - a potion of haste {unknown}
 p - a potion of magic {unknown}
 s - a potion of curing {unknown}
Comestibles
 b - 3 meat rations
 g - a chunk of flesh
 n - a beef jerky
 r - a royal jelly


   Skills:
 - Level 3.2 Fighting
 - Level 2.6 Dodging
 - Level 2.1 Stealth
 + Level 7.4 Unarmed Combat


You had 4 spell levels left.
You didn't know any spells.

Dungeon Overview and Level Annotations

Branches:
Dungeon (4/15)
 Temple: D:4-7

Altars:
Okawaru
Qazlal
Ru
Trog


Innate Abilities, Weirdness & Mutations

Your body is rotting away.
You thrive on raw meat.
You are immune to poison.
You have sharp fingernails.
You are carnivorous and can eat meat at any time.
Your flesh is cold resistant.
You are immune to negative energy.
You regenerate slowly when monsters are visible.
You are immune to unholy pain and torment.
You can survive without breathing.


Message History

You barely miss the giant gecko.
The giant gecko is severely wounded.
The giant gecko bites you. Something hits you but does no damage.
You miss the giant gecko.
The giant gecko is severely wounded.
The giant gecko barely misses you.
You scratch the giant gecko.
You kill the giant gecko!
You scratch something. Something hits you but does no damage.
You scratch something. Something hits you but does no damage.
You closely miss something. Something barely misses you.
You miss something. Something hits you. Something shocks you.
* * * LOW HITPOINT WARNING * * *
You barely miss something. Something hits you.
* * * LOW HITPOINT WARNING * * *
Something shocks you.
* * * LOW HITPOINT WARNING * * *
You claw something! You claw something. You closely miss something.
Something hits you.
You die...

#...# ##...###
$......#
......# ......
#...# ##...#
...####..#####
.........{@..#
....!###.....#
.... #.....#
.. #.....# ...
#.....# ....
#.....# . ...
####.....#
....
...##........#
#...
#.##..##.....#


There were no monsters in sight!

Vanquished Creatures
  A hound (D:3)
  A worker ant (D:4)
  An orc wizard (D:3)
  3 adders
  A worm (D:2)
  7 orcs
  3 ball pythons
  5 bats
  3 goblins
  6 hobgoblins
  20 jackals
  7 kobolds
  3 giant cockroaches
  2 giant geckos (D:4)
  4 giant newts
  7 rats
74 creatures vanquished.

Notes
Turn   | Place    | Note
--------------------------------------------------------------
     0 | D:1      | inmateoo the Ghoul Monk began the quest for the Orb.
     0 | D:1      | Reached XP level 1. HP: 19/19 MP: 0/0
   341 | D:1      | Reached XP level 2. HP: 24/26 MP: 1/1
   363 | D:1      | Reached skill level 5 in Unarmed Combat
   807 | D:1      | Reached XP level 3. HP: 31/31 MP: 2/2
  1266 | D:2      | Found a stormy altar of Qazlal.
  1355 | D:2      | Found a bloodstained altar of Trog.
  1849 | D:3      | Reached skill level 6 in Unarmed Combat
  1849 | D:3      | Reached XP level 4. HP: 24/38 MP: 3/3
  2153 | D:3      | Reached XP level 5. HP: 37/45 MP: 4/4
  2193 | D:3      | Found a sacrificial altar of Ru.
  2243 | D:3      | Found an iron altar of Okawaru.
  2399 | D:3      | Reached skill level 7 in Unarmed Combat
  2714 | D:4      | Noticed a sky beast
  2734 | D:4      | HP: 1/45 [something (6)]
  2736 | D:4      | Slain by a sky beast

Action                   |  1- 3 |  4- 6 || total
-------------------------+-------+-------++-------
Melee: Unarmed           |    94 |   129 ||   223
 Stab: Sleeping          |     4 |       ||     4
  Eat: Chunk             |    16 |    11 ||    27
